 Dungeon Crawl Stone Soup version 0.24-a0-67-ga78bd38d5a (webtiles) character file.

Game seed: 11387678185147523807

44844 MirrMurr the Unseen (level 13, -1/68 HPs)
             Began as a Spriggan Enchanter on Feb 4, 2019.
             Was the Champion of Dithmenos.
             Slain by a warg (17 damage)
             ... on level 2 of the Orcish Mines on Feb 5, 2019.
             The game lasted 01:16:31 (22256 turns).

MirrMurr the Unseen (Spriggan Enchanter)           Turns: 22256, Time: 01:16:32

Health: -1/68      AC:  5    Str: 12    XL:     13   Next: 98%
Magic:  17/23      EV: 33    Int: 25    God:    Dithmenos [******]
Gold:   508        SH: 10    Dex: 23    Spells: 4/24 levels left

rFire    + + .     SeeInvis +   a - +6 dagger of Yesterday {pierce, +Rage rF+ rN+ Int+4 Stlth+}
rCold    + . .     Gourm    .   x - +1 buckler of Shadows and Fog {Str+4 Dex+3 Stlth-}
rNeg     + . .     Faith    .   T - +2 robe {rF+}
rPois    .         Spirit   .   (helmet restricted)
rElec    .         Reflect  .   v - +0 cloak of the Archfiend {rC+ Int+4}
rCorr    .         Harm     .   (gloves unavailable)
MR       +++..                  (boots unavailable)
Stlth    ++++++++++             n - amulet of regeneration
HPRegen  0.61/turn              H - ring of Roggud {+Fly MR+}
MPRegen  0.18/turn              E - +3 ring of dexterity

@: wreathed by umbra, very quick
A: very small, unfitting armour, see invisible, herbivore, speed 3, slow
metabolism 2
a: Shadow Step, Shadow Form, Renounce Religion, Evoke Berserk Rage, Evoke Flight


You were on level 2 of the Orcish Mines.
You worshipped Dithmenos.
Dithmenos was exalted by your worship.
You were not hungry.

You visited 3 branches of the dungeon, and saw 18 of its levels.
You also visited: Sewer and Bailey.

You collected 1628 gold pieces.
You spent 1120 gold pieces at shops.

Inventory:

Hand Weapons
 a - the +6 dagger of Yesterday (weapon) {pierce, +Rage rF+ rN+ Int+4 Stlth+}
   (You bought it in a shop on level 1 of the Orcish Mines)

   It inflicts extra damage upon your enemies.
   It affects your intelligence (+4).
   It protects you from fire.
   It protects you from negative energy.
   It lets you go berserk.
   It makes you more stealthy.
 b - a +2 hunting sling of flaming
 q - a +0 blowgun
 w - a +0 rapier of holy wrath
Missiles
 d - 371 stones (quivered)
 g - 95 poisoned needles
 m - 91 sling bullets
 A - 5 needles of paralysis
Armour
 v - the +0 cloak of the Archfiend (worn) {rC+ Int+4}
   (You acquired it on level 6 of the Dungeon)

   It affects your intelligence (+4).
   It protects you from cold.
 x - the +1 buckler of Shadows and Fog (worn) {Str+4 Dex+3 Stlth-}
   (You acquired it on level 6 of the Dungeon)

   It affects your strength (+4).
   It affects your dexterity (+3).
   It makes you less stealthy.
 T - a +2 robe of fire resistance (worn)
Jewellery
 e - an uncursed ring of wizardry
 n - an amulet of regeneration (around neck)
 E - a +3 ring of dexterity (right hand)
 H - the ring of Roggud (left hand) {+Fly MR+}
   (You found it on level 9 of the Dungeon)

   [ring of flight]

   It affects your resistance to hostile enchantments.
   It lets you fly.
 Q - an uncursed amulet of harm {unknown}
Wands
 s - a wand of digging (8)
 y - a wand of iceblast (9)
 z - a wand of disintegration (17)
 D - a wand of random effects (27)
 J - a wand of polymorph (18)
 L - a wand of paralysis (12)
 P - a wand of acid (20)
Scrolls
 i - 6 scrolls of enchant armour
 j - 5 scrolls of teleportation
 p - 3 scrolls of blinking
 r - 11 scrolls of remove curse
 t - 2 scrolls of magic mapping
 N - a scroll of fog
 R - 3 scrolls of identify
Potions
 f - 6 potions of heal wounds
 h - 7 potions of curing
 k - a potion of berserk rage {unknown}
 o - 5 potions of haste
 u - 3 potions of lignification
 B - 2 potions of agility {unknown}
 C - 2 potions of experience {unknown}
 G - 4 potions of cancellation {unknown}
 I - 2 potions of might
 K - a potion of flight {unknown}
 O - a potion of brilliance {unknown}
Miscellaneous
 M - a phantom mirror
Comestibles
 c - 6 rations


   Skills:
 * Level 7.7 Fighting
 - Level 10.0 Short Blades
 - Level 15.0 Dodging
 * Level 16.3 Stealth
 - Level 7.2 Shields
 - Level 6.0 Spellcasting
 - Level 10.0 Hexes
 + Level 3.1 Charms
 - Level 6.1 Translocations
 - Level 1.6 Ice Magic
 + Level 2.0 Poison Magic
 + Level 1.6 Invocations
 - Level 1.6 Evocations


You had 4 spell levels left.
You knew the following spells:

 Your Spells              Type           Power        Failure   Level  Hunger
a - Ensorcelled Hibernat  Hex/Ice        #####.       1%          2    None
b - Confuse               Hex            ######..     1%          3    None
c - Tukima's Dance        Hex            ######..     1%          3    None
d - Dazzling Spray        Conj/Hex       ####..       2%          3    None
e - Spectral Weapon       Hex/Chrm       #####...     1%          3    None
f - Poisonous Vapours     Pois/Air       ##....       8%          2    None
m - Confusing Touch       Hex            ######       1%          1    None
A - Apportation           Tloc           #####.       1%          1    None
B - Blink                 Tloc           N/A          1%          2    None

Your spell library contained the following spells:

 Spells                   Type           Power        Failure   Level  Hunger
 Corona                   Hex            ######.      1%          1    None
 Infusion                 Chrm           ###.         1%          1    None
 Shroud of Golubria       Chrm/Tloc      ####......   1%          2    None
 Slow                     Hex            ######..     1%          2    None
 Gell's Gravitas          Tloc           #####.....   1%          3    None
 Freeze                   Ice            ###.         3%          1    None
 Song of Slaying          Chrm           ###.....     3%          2    None
 Sting                    Conj/Pois      ##..         4%          1    None
 Swiftness                Chrm/Air       ###.....     6%          2    None
 Recall                   Summ/Tloc      N/A          6%          3    None
 Animate Skeleton         Necr           N/A          8%          1    None
 Magic Dart               Conj           #...         8%          1    None
 Shock                    Conj/Air       #...         8%          1    None
 Summon Small Mammal      Summ           #...         8%          1    None
 Throw Frost              Conj/Ice       ##....       9%          2    None
 Ozocubu's Armour         Chrm/Ice       ###.....     9%          3    None
 Call Imp                 Summ           #.......     11%         2    None
 Regeneration             Chrm/Necr      ###.......   12%         3    None
 Mephitic Cloud           Conj/Pois/Air  ##......     17%         3    None
 Conjure Flame            Conj/Fire      #.......     22%         3    None
 Static Discharge         Conj/Air       #.......     22%         3    None
 Olgreb's Toxic Radiance  Pois           ###.....     32%         4    ###....
 Summon Ice Beast         Ice/Summ       ##......     47%         4    ###....
 Throw Icicle             Conj/Ice       ##......     47%         4    ###....
 Airstrike                Air            #.........   58%         4    ###....
 Animate Dead             Necr           N/A          58%         4    ###....
 Petrify                  Tmut/Erth      #.......     58%         4    ###....
 Metabolic Englaciation   Hex/Ice        #####.....   19%         5    #####..
 Yara's Violent Unravell  Hex/Tmut       ####......   26%         5    #####..
 Venom Bolt               Conj/Pois      ##........   80%         5    #####..
 Borgnjor's Vile Clutch   Necr/Erth      #.........   90%         5    #####..
 Lightning Bolt           Conj/Air       #.........   90%         5    #####..
 Death Channel            Necr           #.........   100%        6    ######.
 Simulacrum               Ice/Necr       ##........   100%        6    ######.


Dungeon Overview and Level Annotations

Branches:
Dungeon (15/15)            Temple (1/1) D:4            Lair (0/6) D:9
    Orc (2/2) D:9          Vaults (0/5) D:13         Depths (0/5) D:15
    Elf: Orc:2

Altars:
Cheibriados
Dithmenos
Elyvilon
Gozag
Kikubaaqudgha
Makhleb
Okawaru
Qazlal
Trog
Vehumet
Wu Jian
Yredelemnul
Zin
The Shining One

Shops:
D:11 *   Orc:1 (

Annotations:
D:2 2 transporters, Menkaure
D:11 2 runed translucent doors, exclusion: orange crystal statue
D:14 1 runed translucent door, Toogi's ghost, adept TeAE


Innate Abilities, Weirdness & Mutations

You are very small and have problems with some larger weapons.
You are too small for most types of armour.
You have supernaturally acute eyesight. (SInv)
You are a herbivore.
You cover ground extremely quickly.
You need to consume almost no food.


Message History

Your hands begin to glow red.
The warg bites you.
You hit the warg but do no damage.
Your shadow hits the warg but does no damage.
The warg bites you!
You are too injured to fight recklessly!
You are too injured to fight recklessly!
You are too injured to fight recklessly!
You are too injured to fight recklessly!
You catch the helpless warg completely off-guard!
You hit the warg but do no damage.
The warg appears confused.
Your shadow hits the warg but does no damage.
You hit the warg.
The warg is moderately wounded.
The warg bites you!
* * * LOW HITPOINT WARNING * * *
You hit the warg.
The warg is heavily wounded.
The warg bites you!
You die...

### ######## ##########
.##..##......###§...##..#
................§§§...)..
................§§)))....
...............)§§§.)....
.........h.......§§§.....
........@.........§......
.........)...............
.........................
.......†...............#.
.........................
....##...#...............
...# #..###..............
..# #..## ##.............
. #..# #............


You could see a warg (confused).

Vanquished Creatures
  Frances (D:13)
  An orc warlord (Bailey)
  A juggernaut zombie (D:15)
  An ogre mage (Orc:1)
  3 hydras
  A catoblepas (D:14)
  A centaur warrior (D:14)
  2 dancing weapons (D:13)
  4 two-headed ogres
  An orc high priest (Orc:2)
  A death knight (D:15)
  A vampire mage (D:15)
  2 skeletal warriors
  2 unseen horrors
  2 orc knights
  A necromancer (D:15)
  4 ugly things
  An orc sorcerer (D:15)
  A manticore (D:11)
  A cyclops (shapeshifter) (D:15)
  6 cyclopes
  A gargoyle (D:14)
  Joseph (D:10)
  A kobold demonologist (D:14)
  An efreet (D:14)
  A komodo dragon (D:14)
  A guardian mummy (D:15)
  An elf skeleton (D:15)
  5 trolls
  Prince Ribbit (D:8)
  A hornet (D:12)
  6 slime creatures (D:14)
  6 hippogriffs
  A shadow (D:12)
  A fire dragon skeleton (D:15)
  Sigmund (D:5)
  A spriggan skeleton (D:15)
  A water elemental (D:15)
  4 wraiths
  A basilisk (D:9)
  11 yaks
  2 wyverns
  Grum (D:8)
  A steam dragon (D:11)
  3 vampire mosquitoes (D:13)
  4 hungry ghosts
  An acid dragon (D:12)
  3 porcupines (D:9)
  33 orc warriors
  An ice beast (D:12)
  4 necrophages
  6 sky beasts
  3 black bears (D:9)
  15 ogres
  3 phantoms
  An eye of draining (D:14)
  4 wolves
  2 centaurs
  3 crocodiles (D:9)
  3 big kobolds
  12 bullfrogs
  A gnoll sergeant (D:4)
  A water moccasin zombie (D:7)
  A scorpion (D:8)
  4 wights (D:11)
  16 killer bees
  2 electric eels (D:15)
  3 howler monkeys
  11 crimson imps
  3 quasits
  4 hounds
  2 bullfrog zombies
  6 jellies
  11 orc priests
  9 centaur skeletons
  A gnoll shaman (Orc:2)
  14 orc wizards
  5 bullfrog skeletons
  3 iguanas
  Natasha (thrice) (D:4)
  5 worker ants
  2 hound zombies
  Robin (D:4)
  26 gnolls
  16 adders
  3 shadow imps
  A white imp (D:9)
  6 oozes
  An adder zombie (D:8)
  2 worms
  2 dart slugs
  11 leopard geckos
  58 orcs
  11 giant cockroaches
  40 goblins
  23 hobgoblins
  3 jackals (D:2)
  25 kobolds
  2 quokkas
  3 ball pythons
  7 bats
  10 frilled lizards
  A quokka zombie (D:5)
  5 rats
554 creatures vanquished.

Vanquished Creatures (collateral kills)
  A goblin (Bailey)
1 creature vanquished.

Vanquished Creatures (others)
  A wizard (D:3)
  5 dancing weapons
  An orc wizard (D:10)
  A fungus (D:9)
  5 withered plants (D:15)
13 creatures vanquished.

Grand Total: 568 creatures vanquished

Notes
Turn   | Place    | Note
-------+----------+-------------------------------------------
     0 | D:1      | MirrMurr the Spriggan Enchanter began the quest for the
                  | Orb.
     0 | D:1      | Reached XP level 1. HP: 9/9 MP: 5/5
   467 | D:1      | Reached skill level 5 in Stealth
   467 | D:1      | Reached XP level 2. HP: 8/13 MP: 4/6
   471 | D:1      | Learned a level 2 spell: Ensorcelled Hibernation
  1133 | D:1      | Reached XP level 3. HP: 16/16 MP: 8/8
  1138 | D:1      | Learned a level 3 spell: Confuse
  1676 | D:2      | Reached skill level 6 in Stealth
  1840 | D:2      | Found a shadowy altar of Dithmenos.
  1850 | D:2      | Became a worshipper of Dithmenos the Shadowed
  1939 | D:2      | Reached XP level 4. HP: 21/21 MP: 9/9
  2003 | D:2      | Found a radiant altar of Vehumet.
  2272 | D:2      | Found a transporter.
  2294 | D:2      | Found a basalt altar of Yredelemnul.
  2296 | D:2      | Noticed Menkaure
  2300 | D:2      | Found an ancient bone altar of Kikubaaqudgha.
  2301 | D:2      | Noticed a necrophage
  2443 | D:2      | Found a transporter.
  2525 | D:3      | HP: 1/21 [orc/+0 mace (6)]
  3170 | D:3      | Reached skill level 7 in Stealth
  3345 | D:3      | Found a bloodstained altar of Trog.
  3346 | D:3      | Noticed a wizard
  3353 | D:3      | Killed a wizard
  3481 | D:3      | Reached XP level 5. HP: 24/24 MP: 7/10
  3486 | D:3      | Learned a level 3 spell: Tukima's Dance
  3660 | D:4      | Noticed a sky beast
  3669 | D:4      | Killed a sky beast
  3779 | D:4      | Noticed Natasha
  3785 | D:4      | Killed Natasha
  3787 | D:4      | Reached * piety under Dithmenos
  3787 | D:4      | Reached skill level 8 in Stealth
  3787 | D:4      | Reached XP level 6. HP: 26/28 MP: 4/11
  3914 | D:4      | Found a staircase to the Ecumenical Temple.
  3917 | D:4      | Reached skill level 5 in Short Blades
  3924 | Temple   | Entered the Ecumenical Temple
  4018 | D:4      | Noticed Robin
  4019 | D:4      | Noticed Natasha
  4093 | D:4      | Killed Robin
  4166 | D:4      | Killed Natasha
  4182 | D:4      | Noticed Natasha
  4202 | D:4      | Killed Natasha
  4774 | D:4      | Reached skill level 5 in Hexes
  4883 | D:4      | Reached XP level 7. HP: 32/32 MP: 13/13
  5355 | D:4      | Reached ** piety under Dithmenos
  5494 | D:5      | Entered Level 5 of the Dungeon
  5534 | D:5      | Learned a level 3 spell: Dazzling Spray
  5536 | D:5      | Learned a level 1 spell: Confusing Touch
  5538 | D:5      | Learned a level 1 spell: Apportation
  5625 | D:5      | Found a bloodstained altar of Trog.
  5655 | D:5      | Found an ornate altar of the Wu Jian Council.
  5655 | D:5      | Found a burning altar of Makhleb.
  6045 | D:5      | Reached skill level 1 in Fighting
  6154 | D:5      | Noticed Sigmund
  6212 | D:5      | Killed Sigmund
  6308 | D:5      | Found a stormy altar of Qazlal.
  6564 | D:6      | Reached XP level 8. HP: 24/37 MP: 15/15
  6605 | D:6      | Found a glowing drain.
  6620 | Sewer    | Entered a sewer
  7113 | Sewer    | Reached skill level 5 in Dodging
  7368 | D:6      | Found an iron altar of Okawaru.
  7477 | D:6      | Identified 3 scrolls of acquirement
  7478 | D:6      | Got a distressingly furry hat
  7484 | D:6      | Identified the +1 hat of the Thirsty Realms {-Tele Str+7
                  | SInv} (You acquired it on level 6 of the Dungeon)
  7491 | D:6      | Got a brightly glowing buckler
  7497 | D:6      | Identified the +1 buckler of Shadows and Fog {Str+4 Dex+3
                  | Stlth-} (You acquired it on level 6 of the Dungeon)
  7498 | D:6      | Got a slimy cloak
  7504 | D:6      | Identified the +0 cloak of the Archfiend {rC+ Int+4} (You
                  | acquired it on level 6 of the Dungeon)
  8071 | D:7      | Reached *** piety under Dithmenos
  8696 | D:8      | Found a snail-covered altar of Cheibriados.
  8793 | D:8      | Noticed a hippogriff
  8800 | D:8      | Killed a hippogriff
  8800 | D:8      | Reached skill level 1 in Shields
  8800 | D:8      | Reached skill level 1 in Evocations
  8816 | D:8      | Noticed Grum
  8822 | D:8      | Noticed Prince Ribbit
  8846 | D:8      | Reached XP level 9. HP: 44/44 MP: 14/16
  8891 | D:8      | Killed Prince Ribbit
  8906 | D:8      | Killed Grum
  9012 | D:8      | Reached skill level 9 in Stealth
  9065 | D:8      | Noticed a two-headed ogre
  9097 | D:8      | Killed a two-headed ogre
  9527 | D:8      | Noticed an unseen horror
  9546 | D:8      | Killed an unseen horror
  9546 | D:8      | Reached skill level 10 in Stealth
  9606 | D:9      | Noticed a troll
  9862 | D:8      | Killed a troll
  9862 | D:8      | Reached XP level 10. HP: 45/49 MP: 14/17
  9917 | D:9      | Reached skill level 5 in Shields
 10137 | D:9      | Reached skill level 11 in Stealth
 10323 | D:9      | Found a staircase to the Lair.
 10338 | D:9      | Got a slimy amber ring
 10545 | D:9      | Reached **** piety under Dithmenos
 10723 | D:9      | Found a white marble altar of Elyvilon.
 10723 | D:9      | Found a glowing silver altar of Zin.
 10723 | D:9      | Found a glowing golden altar of the Shining One.
 11710 | D:9      | Found a staircase to the Orcish Mines.
 11778 | D:9      | Found a staircase to the Lair.
 11834 | D:9      | Found a glowing silver altar of Zin.
 11835 | D:9      | Found a white marble altar of Elyvilon.
 11836 | D:9      | Found a glowing golden altar of the Shining One.
 12102 | D:10     | Entered Level 10 of the Dungeon
 12126 | D:10     | Learned a level 2 spell: Blink
 12417 | D:10     | Noticed Joseph
 12442 | D:10     | Killed Joseph
 12562 | D:10     | Reached XP level 11. HP: 52/52 MP: 17/19
 12720 | D:10     | Reached skill level 1 in Ice Magic
 13390 | D:10     | Reached ***** piety under Dithmenos
 13396 | D:10     | Reached skill level 5 in Spellcasting
 13721 | D:11     | Noticed a green ugly thing
 13735 | D:10     | Killed a green ugly thing
 13735 | D:10     | Reached skill level 12 in Stealth
 13784 | D:11     | Found Togaempa's Assorted Antiques.
 13909 | D:11     | Noticed a red ugly thing
 13911 | D:11     | Noticed a purple ugly thing
 13916 | D:11     | Killed a red ugly thing
 13919 | D:11     | Killed a purple ugly thing
 14141 | D:11     | Found a flagged portal.
 14164 | Bailey   | Entered a bailey
 14744 | Bailey   | Noticed an orc warlord
 14857 | Bailey   | Identified the ring of Roggud {+Fly MR+} (You found it on
                  | level 9 of the Dungeon)
 14870 | Bailey   | Noticed an orc knight
 15012 | Bailey   | Killed an orc knight
 15241 | Bailey   | Killed an orc warlord
 15366 | D:11     | Upgraded the game from 0.24-a0-54-g776a2178cb to
                  | 0.24-a0-67-ga78bd38d5a
 15771 | D:11     | Found a runed translucent door.
 15789 | D:11     | Reached skill level 10 in Dodging
 15822 | D:11     | Found the +10 large shield of Ignorance {rN+ Int-4}
 15837 | D:11     | Reached ****** piety under Dithmenos
 15915 | D:11     | Found a runed translucent door.
 16154 | D:11     | Noticed an orange crystal statue
 16244 | D:11     | Reached skill level 13 in Stealth
 16244 | D:11     | Reached XP level 12. HP: 58/58 MP: 22/22
 17035 | D:12     | Reached skill level 5 in Fighting
 17462 | D:12     | Reached skill level 10 in Hexes
 17552 | D:13     | Learned a level 3 spell: Spectral Weapon
 17559 | D:13     | Found a bloodstained altar of Trog.
 17913 | D:13     | Found a gate to the Vaults.
 17930 | D:13     | Noticed Frances
 17941 | D:13     | Killed Frances
 18052 | D:13     | Reached skill level 10 in Short Blades
 18355 | D:13     | Reached skill level 14 in Stealth
 18761 | D:14     | Noticed a seven-headed hydra
 18766 | D:14     | Killed a seven-headed hydra
 18901 | D:14     | Found a runed translucent door.
 18903 | D:14     | Found the +12 glaive of Prune {chop}
 18917 | D:14     | Noticed Toogi's ghost (adept TeAE)
 18939 | D:14     | Noticed a catoblepas
 18942 | D:14     | Killed a catoblepas
 18942 | D:14     | Reached skill level 1 in Translocations
 18948 | D:14     | Noticed a centaur warrior
 18956 | D:14     | Killed a centaur warrior
 18959 | D:14     | Noticed an eight-headed hydra
 19107 | D:14     | Reached XP level 13. HP: 65/65 MP: 23/23
 19575 | D:14     | Reached skill level 15 in Stealth
 19754 | D:15     | Entered Level 15 of the Dungeon
 19758 | D:15     | Found a staircase to the Depths.
 20106 | D:15     | Found an opulent altar of Gozag.
 20113 | D:15     | Reached skill level 5 in Translocations
 20225 | D:15     | Learned a level 2 spell: Poisonous Vapours
 20604 | D:15     | Reached skill level 15 in Dodging
 20705 | D:15     | Reached skill level 1 in Charms
 21189 | Orc:1    | Entered Level 1 of the Orcish Mines
 21368 | Orc:1    | Reached skill level 1 in Poison Magic
 21429 | Orc:1    | Reached skill level 16 in Stealth
 21471 | Orc:1    | Reached skill level 1 in Invocations
 21616 | Orc:1    | Found Acaemor's Weapon Shop.
 21639 | Orc:1    | Bought the +6 dagger of Yesterday {pierce, +Rage rF+ rN+
                  | Int+4 Stlth+} for 1120 gold pieces
 21903 | Orc:2    | Entered Level 2 of the Orcish Mines
 22256 | Orc:2    | Slain by a warg

Vault maps used:
D:1:      dpeg_arrival_lava_altar
D:2:      fiery_altar_vehumet, marbit_many_paths, gammafunk_temple_of_torment,
          first_ration, minmay_lizard_king
D:3:      trog_wizard
D:4:      minmay_temple_entry_sparse_star, lightli_minifort, uniq_natasha,
          uniq_robin
D:5:      nicolae_overflow_crystal_walls, gammafunk_temple_overflow_pools,
          grunt_qazlal_sundering, uniq_sigmund
D:6:      portal_sewer_entry_d, okawaru_ov_weapons_minmay
D:8:      kennysheep_mini, uniq_grum, uniq_prince_ribbit1
D:9:      good_gods_mini_temple, minmay_lair_entry_grove, david_orc_4,
          minmay_nine_imps
D:10:     hangedman_little_slice_of_home, uniq_joseph
D:11:     minmay_spotlight, serial_shops, nicolae_shop_window_shopping,
          enter_bailey_3, chequers_guarded_unrand_ignorance
D:13:     erik_vaults_1, basic_altar, uniq_frances
D:14:     ebering_ghost_inner_flame
D:15:     gammafunk_depths_entry_grave, serial_bayou_shore_b,
          grunt_gozag_breadcrumbs
Temple:   jpeg_temple_clearing
Orc:1:    nicolae_orc_accident_1, serial_shops, nicolae_shop_statue_plus,
          nicolae_orc_flooded_monolith
Orc:2:    pf_orc_diabolical, basic_altar
Sewer:    sewer_frog_island_01
Bailey:   bailey_axe_minmay_hex_keep, bailey

Skill      XL: |  1  2  3  4  5  6  7  8  9 10 11 12 13 |
---------------+----------------------------------------+-----
Stealth        | 5 6 7 8 10 11 13 14 16 | 16.3
Short Blades   | 2 3 4 5 7 8 9 10 | 10.0
Hexes          | 5 7 8 9 10 | 10.0
Spellcasting   | 3 4 6 |  6.0
Fighting       | 1 3 4 6 7 |  7.7
Dodging        | 4 8 10 13 15 | 15.0
Shields        | 1 4 6 7 |  7.2
Evocations     | 1 |  1.6
Ice Magic      | 1 |  1.6
Translocations | 1 6 |  6.1
Charms         | 3 |  3.1
Poison Magic   | 2 |  2.0
Invocations    | 1 |  1.6

Action                   |  1- 3 |  4- 6 |  7- 9 | 10-12 | 13-15 || total
-------------------------+-------+-------+-------+-------+-------++-------
Melee: Dagger            |   126 |   196 |   326 |  1017 |   355 ||  2020
 Fire: Hunting sling     |       |    37 |    45 |    32 |     8 ||   122
 Cast: Corona            |     5 |       |       |       |       ||     5
       Ensorcelled Hiber |    10 |    32 |    35 |   100 |    33 ||   210
       Tukima's Dance    |       |     3 |    10 |     9 |       ||    22
       Confuse           |       |     3 |     4 |    36 |    11 ||    54
       Confusing Touch   |       |       |    22 |    96 |    44 ||   162
       Poisonous Vapours |       |       |       |       |     4 ||     4
       Dazzling Spray    |       |       |       |       |     1 ||     1
  Use: Scroll            |       |     8 |    12 |     9 |     2 ||    31
 Stab: Sleeping          |    17 |    27 |    31 |    97 |    32 ||   204
       Distracted        |     1 |       |       |     2 |     3 ||     6
       Confused          |       |     1 |    25 |   102 |    46 ||   174
       Invisible         |       |       |       |       |     1 ||     1
  Eat: Ration            |       |     3 |     3 |     7 |     2 ||    15
Armor: Robe              |     8 |    22 |    21 |    26 |     3 ||    80
Dodge: Dodged            |    86 |   145 |   211 |   533 |   155 ||  1130
Block: Buckler           |       |       |    71 |   326 |    85 ||   482

Table legend:
 A = Non-vault XP
 B = Vault XP
 C = Vault XP percentage of total XP
 D = Non-vault monster count
 E = Vault monster count
 F = Vault count percentage of total count
                 A         B        C        D         E       F
            +---------+---------+-------+---------+---------+-------
      Total |   45354 |   18709 |  29.2 |     366 |     189 |  34.1
            +---------+---------+-------+---------+---------+-------
        D:1 |      68 |       0 |   0.0 |      29 |       0 |   0.0
        D:2 |      63 |       8 |  11.3 |      20 |       4 |  16.7
        D:3 |      59 |       2 |   3.3 |      18 |       1 |   5.3
        D:4 |     552 |     207 |  27.3 |      14 |      17 |  54.8
        D:5 |     231 |     220 |  48.8 |      10 |       1 |   9.1
        D:6 |     216 |      13 |   5.7 |       6 |       1 |  14.3
        D:7 |     456 |       0 |   0.0 |      16 |       0 |   0.0
        D:8 |    3225 |     718 |  18.2 |      20 |       4 |  16.7
        D:9 |    1457 |    2559 |  63.7 |      25 |      37 |  59.7
       D:10 |    2125 |     579 |  21.4 |      31 |       9 |  22.5
       D:11 |    4590 |     631 |  12.1 |      35 |       8 |  18.6
       D:12 |    3931 |       0 |   0.0 |      22 |       0 |   0.0
       D:13 |    3121 |    3988 |  56.1 |      19 |       3 |  13.6
       D:14 |   10637 |     765 |   6.7 |      30 |       1 |   3.2
       D:15 |    8233 |    4073 |  33.1 |      23 |       7 |  23.3
      Orc:1 |    3556 |     534 |  13.1 |      19 |       4 |  17.4
      Orc:2 |    2834 |     306 |   9.7 |      29 |       3 |   9.4
      Sewer |       0 |     260 | 100.0 |       0 |      20 | 100.0
     Bailey |       0 |    3846 | 100.0 |       0 |      69 | 100.0
            +---------+---------+-------+---------+---------+-------
